 Dungeon Crawl Stone Soup version 0.27-a0-1325-g58a489ad9e (webtiles) character file.

Game seed: 2434472477130807245

872 freelancePsychic the Ruffian (level 7, 0/57 HPs)
             Began as a Black Draconian Transmuter on June 24, 2021.
             Killed from afar by an orc wizard (7 damage)
             ... with a magic dart
             ... on level 5 of the Dungeon.
             The game lasted 00:11:33 (4917 turns).

freelancePsychic the Ruffian (DrTm)                 Turns: 4917, Time: 00:11:34

Health: 0/57       AC:  2    Str: 13    XL:     7   Next: 74%
Magic:  4/10       EV: 19    Int: 15    God:
Gold:   162        SH:  0    Dex: 16    Spells: 6/10 levels left

rFire    . . .     SeeInvis .     - Unarmed
rCold    . . .     Faith    .   (shield currently unavailable)
rNeg     . . .     Spirit   .   (armour unavailable)
rPois    x         Reflect  .   (helmet currently unavailable)
rElec    .         Harm     .   (cloak currently unavailable)
rCorr    .         Rampage  .   (gloves currently unavailable)
Will     .....                  (boots currently unavailable)
Stlth    +.........             (no amulet)
HPRegen  0.19/turn              (no ring)
MPRegen  0.12/turn              (no ring)

@: spider-form (expiring)
A: venomous fangs, (breathe lightning), AC +6, tiny, unfitting armour,
(electricity resistance), (cold-blooded)
a: End Transformation


You were on level 5 of the Dungeon.
You were a venomous arachnid creature.
You visited 1 branch of the dungeon, and saw 5 of its levels.

You collected 162 gold pieces.

Inventory:

Jewellery
 j - an amulet of regeneration
Wands
 l - a wand of flame (25)
 n - a wand of iceblast (8)
Scrolls
 a - a scroll of blinking {unknown}
 d - a scroll of silence {unknown}
 e - a scroll of fog {unknown}
 f - a scroll of identify {@r1}
 g - a scroll of amnesia {unknown}
 i - 2 scrolls of teleportation {@r4}
 m - a scroll of magic mapping
 o - a scroll of acquirement {unknown}
Potions
 b - a potion of invisibility {unknown}
 c - a potion of ambrosia {unknown}
 h - 3 potions of might {unknown}
 k - a potion of lignification {unknown}
 p - a potion of brilliance {unknown}


   Skills:
 - Level 3.3 Fighting
 - Level 2.2 Dodging
 * Level 7.2 Unarmed Combat
 - Level 2.0 Spellcasting
 - Level 4.2 Transmutations
 + Level 1.7 Ice Magic
 - Level 1.5 Poison Magic


You had 6 spell levels left.
You knew the following spells:

 Your Spells              Type           Power      Damage    Failure   Level
a - Beastly Appendage     Tmut           28%        N/A       13%         1
b - Spider Form           Tmut/Pois      5%         N/A       41%         3

Your spell library contained the following spells:

 Spells                   Type           Power      Damage    Failure   Level
 Wereblood                Tmut           14%        N/A       17%         2
 Corona                   Hex            1%         N/A       43%         1
 Ensorcelled Hibernation  Hex/Ice        8%         N/A       45%         2
 Confusing Touch          Hex            1%         N/A       75%         3
 Dazzling Flash           Conj/Hex       2%         N/A       75%         3
 Tukima's Dance           Hex            1%         N/A       75%         3
 Ice Form                 Ice/Tmut       10%        N/A       75%         4


Dungeon Overview and Level Annotations

Branches:
Dungeon (5/15)
 Temple: D:4-7

Altars:
Dithmenos

Shops:
D:1 !   D:4 !=**[


Innate Abilities, Weirdness & Mutations

You are a venomous arachnid creature.
You have poisonous fangs.
You are tiny and dextrous.
Your spellcasting is less reliable in this form.
Your armour is entirely melded.
You are incapable of wielding weapons or throwing items.
((You can breathe wild blasts of lightning.))
((Your glossy black scales are hard. (AC +6)))
You cannot fit into any form of body armour.
((You are resistant to electric shocks. (rElec)))
((You are cold-blooded and may be slowed by cold attacks.))


Message History

You hit the white imp.
The white imp is heavily wounded.
You kill the white imp!
An orc priest comes into view. It is wielding a +0 whip.
Your transformation has ended.
The ogre shouts!
The orc priest shouts!
The orc priest casts a cantrip, but nothing happens.
Casting: Spider Form (dangerous; 21% risk of failure)
Confirm with . or Enter, or press ? or * to list all spells.
You turn into a venomous arachnid creature.
The orc priest completely misses you.
You barely miss the orc priest.
A white imp comes into view.
The orc priest hits you with a +0 whip.
The white imp shouts!
You hit the orc priest.
The orc priest is poisoned.
The orc priest is heavily wounded.
The orc priest misses you.
You hit the orc priest.
The orc priest looks as sick as possible!
The orc priest is severely wounded.
The orc priest hits you with a +0 whip.
You kill the orc priest!
You bite the ogre!
The ogre is moderately wounded.
The ogre closely misses you.
You completely miss the ogre.
The ogre is moderately wounded.
You hit the ogre but do no damage.
The ogre is poisoned.
The ogre is moderately wounded.
The ogre hits you with a +0 giant club!!
* * * LOW HITPOINT WARNING * * *
Your transformation is almost over.
The orc wizard shouts!
The orc wizard mumbles some strange words.
The orc wizard flickers and vanishes!
Deactivating autopickup; reactivate with Ctrl-A.
A magic dart appears from out of thin air!
The magic dart hits you!
You die...

#....................
#............<...........
##.......####............#
##..##.#####....#........
.... #...##....##...##>..
#... #.....5...#...##....
..... ##...........####...
......##.O.....<...###....
##..#..s.....{....#..#..
#............##......##.
#...#.....##..##..#######
##..##....##.......# #
#........###...#o.### #
###............#....# ##
#.....##.....#.....###.
#..................#.#.
#####...)..............


You could see an ogre (very poisoned) and a white imp.

Vanquished Creatures
  A sky beast (D:5)
  A black bear (D:4)
  2 ogres (D:4)
  A necrophage (D:4)
  A centaur zombie (D:5)
  A bullfrog zombie (D:5)
  A jelly (D:4)
  A hound (D:4)
  4 orc priests
  An iguana (D:4)
  Natasha (twice) (D:2)
  3 adders
  A shadow imp (D:5)
  2 white imps
  An ufetubus (D:5)
  A worm (D:5)
  A dart slug (D:2)
  2 orcs
  6 ball pythons
  3 endoplasms
  2 giant cockroaches
  8 goblins
  5 hobgoblins
  6 jackals
  15 kobolds
  A quokka (D:1)
  4 bats
  2 frilled lizards
  3 rats
82 creatures vanquished.

Vanquished Creatures (others)
  16 plants (D:3)
16 creatures vanquished.

Grand Total: 98 creatures vanquished

Notes
Turn   | Place    | Note
-------+----------+-------------------------------------------
     0 | D:1      | freelancePsychic the Draconian Transmuter began the quest
                  | for the Orb.
     0 | D:1      | Reached XP level 1. HP: 16/16 MP: 3/3
    41 | D:1      | Reached XP level 2. HP: 10/23 MP: 5/5
   284 | D:1      | Found Luina's Distillery.
   706 | D:1      | Reached XP level 3. HP: 27/29 MP: 4/6
  1479 | D:2      | Noticed Natasha
  1487 | D:2      | Killed Natasha
  1488 | D:2      | Reached skill level 4 in Unarmed Combat
  1488 | D:2      | Reached XP level 4. HP: 25/36 MP: 5/7
  1591 | D:2      | Noticed Natasha
  1600 | D:2      | Killed Natasha
  2469 | D:3      | Found a shadowy altar of Dithmenos.
  2632 | D:4      | Found Epteanah's Assorted Antiques.
  2675 | D:4      | Found Ytolin's Assorted Antiques.
  2725 | D:4      | Found Gaockin's Armour Emporium.
  2817 | D:4      | Reached XP level 5. HP: 38/44 MP: 5/8
  3162 | D:4      | Found Rahodgh's Jewellery Boutique.
  3162 | D:4      | Noticed a black bear
  3185 | D:4      | Killed a black bear
  3186 | D:4      | Reached skill level 5 in Unarmed Combat
  3186 | D:4      | Reached XP level 6. HP: 37/51 MP: 7/9
  3305 | D:4      | Found Buyhoth's Distillery.
  3429 | D:4      | Learned a level 3 spell: Spider Form
  3614 | D:5      | Entered Level 5 of the Dungeon
  3640 | D:5      | Reached skill level 1 in Poison Magic
  3648 | D:5      | Noticed a sky beast
  3668 | D:5      | Killed a sky beast
  3882 | D:5      | Reached skill level 6 in Unarmed Combat
  3882 | D:5      | Your scales start taking on a glossy black colour.
  3882 | D:5      | Reached XP level 7. HP: 53/57 MP: 7/10
  3882 | D:5      | Gained mutation: You are resistant to electric shocks.
                  | (rElec) [Black Draconian growth]
  4365 | D:4      | Reached skill level 1 in Ice Magic
  4575 | D:5      | Reached skill level 7 in Unarmed Combat
  4917 | D:5      | Killed from afar by an orc wizard

Illustrated notes

Levels and vault maps discovered:
D:1:      scummos_arrival_checkerplants, layout_loops_ring, serial_shops, shop
D:2:      layout_rooms, uniq_natasha
D:3:      layout_rooms, lemuel_coloured_pillars_altar, lexackson_kobold_supper
D:4:      layout_basic, serial_shops, nicolae_stop_n_shop_1, shop,
          nicolae_shop_window_shopping, nicolae_shop_statue_plus, shop
D:5:      layout_cave_pools

Skill      XL: |  1  2  3  4  5  6  7 |
---------------+----------------------+-----
Dodging        | 2 |  2.2
Fighting       | 2 3 |  3.3
Unarmed Combat | 4 5 6 7 |  7.2
Transmutations | 3 4 |  4.2
Poison Magic   | 1 |  1.5
Ice Magic      | 1 |  1.7
Spellcasting   | |  2.0

Action                   |  1- 3 |  4- 6 |  7- 9 || total
-------------------------+-------+-------+-------++-------
Melee: Unarmed           |   126 |   119 |    47 ||   292
       Tailslap          |    10 |    11 |       ||    21
       Kick              |    12 |    24 |       ||    36
       Headbutt          |    10 |     7 |       ||    17
       Punch             |     1 |     1 |       ||     2
 Cast: Beastly Appendage |    17 |    12 |       ||    29
       Spider Form       |       |     4 |     9 ||    13
  Use: Scroll            |       |     1 |     1 ||     2
 Stab: Sleeping          |     1 |     1 |       ||     2
Armor: Skin              |    59 |    35 |     4 ||    98
Dodge: Dodged            |   106 |    82 |    42 ||   230

Table legend: (Time is in decaauts)
 A = Elapsed time spent in this place.
 B = Non-inter-level travel time spent in this place.
 C = Inter-level travel time spent in this place.
 D = Time resting spent in this place.
 E = Time spent auto-exploring this place.
 F = Levels seen in this place.
 G = Mean time per level.
                   A        B        C        D        E       F      G
               +--------+--------+--------+--------+--------+-----+--------+
         Total |   4899 |   4655 |    244 |    737 |   3191 |   5 |  979.8 |
       Dungeon |   4899 |   4655 |    244 |    737 |   3191 |   5 |  979.8 |
               +--------+--------+--------+--------+--------+-----+--------+

Top non-repeatable levels by time:
     D:4: 1835 daAuts
     D:1: 1001 daAuts
     D:3: 862 daAuts
     D:2: 755 daAuts
     D:5: 445 daAuts
